 Dungeon Crawl Stone Soup version 0.30-a0-632-g346586fe48 (webtiles) character file.

Game seed: 7349014083221957052

7632 kae the Transmogrifier (level 10, -17/80 HPs)
             Began as a Demonspawn Transmuter on Jan 13, 2023.
             Was an Initiate of Yredelemnul.
             Demolished by a boulder beetle (45 damage)
             ... on level 10 of the Dungeon.
             The game lasted 00:17:14 (11509 turns).

kae the Transmogrifier (Demonspawn Transmuter)     Turns: 11509, Time: 00:17:14

Health: -17/80     AC: 12    Str: 12    XL:     10   Next: 98%
Magic:  16/19      EV: 10    Int: 17    God:    Yredelemnul [......]
Gold:   642        SH:  9    Dex: 14    Spells: 12/22 levels left

rFire   x . .      SeeInvis .      - Unarmed
rCold   + + +      Faith    .    (shield currently unavailable)
rNeg    + . .      Spirit   .    (body armour currently unavailable)
rPois   +          Reflect  +    (helmet currently unavailable)
rElec   .          Harm     .    (cloak currently unavailable)
rCorr   .          Rampage  .    (gloves currently unavailable)
Will    .....                    (boots currently unavailable)
Stlth   +                        t - amulet of reflection
HPRegen 0.33/turn                N - ring of positive energy
MPRegen 0.16/turn                (no ring)

@: about to teleport, ice-form
A: freezing attack, amphibious, boosted hp, large, (horns 1), icemail 1,
(sanguine armour 2), condensation shield, (camouflage 1), (shaggy fur 1)
a: End Transformation, Renounce Religion, Recall Undead Harvest


You were on level 10 of the Dungeon.
You worshipped Yredelemnul.
Yredelemnul was aware of your devotion.
You were a creature of crystalline ice.
You visited 2 branches of the dungeon, and saw 11 of its levels.

You collected 642 gold pieces.


Innate Abilities, Weirdness & Mutations

You are a creature of crystalline ice.
You have a powerful freezing melee attack.
You are amphibious.
Your maximum health is increased.
Your armour is entirely melded.
You are incapable of wielding weapons or throwing items.
((You have a pair of small horns on your head.))
A meltable icy envelope protects you from harm. (AC +4)
((When seriously injured, your blood forms thick armour. (AC +0)))
A meltable shield of frost defends you. (SH +4)
((Your skin changes colour to match your surroundings (Stealth+).))
((You are covered in fur. (AC +1)))


   Skills:
 + Level 1.8 Fighting
 + Level 2.3 Dodging
 * Level 7.1 Unarmed Combat
 + Level 6.6 Spellcasting
 * Level 9.2 Transmutations
 - Level 6.0 Ice Magic
 - Level 1.7 Poison Magic
 + Level 8.0 Invocations


You had 12 spell levels left.
You knew the following spells:

 Your Spells              Type           Power      Damage    Failure   Level
a - Beastly Appendage     Tmut           74%        N/A       1%          1
b - Wereblood             Tmut           37%        N/A       1%          2
c - Spider Form           Tmut/Pois      24%        N/A       3%          3
d - Ice Form              Ice/Tmut       31%        N/A       5%          4

Your spell library contained the following spells:

 Spells                   Type           Power      Damage    Failure   Level
 Freeze                   Ice            100%       1d10      1%          1
 Frozen Ramparts          Ice            52%        1d8       3%          3
 Hailstorm                Conj/Ice       15%        3d5       11%         3
 Foxfire                  Conj/Fire      20%        2x1d5     12%         1
 Necrotise                Necr           20%        1d5       12%         1
 Poisonous Vapours        Pois/Air       16%        N/A       13%         2
 Cigotuvi's Dreadful Rot  Necr/Pois/Air  14%        N/A       14%         2
 Blink                    Tloc           10%        N/A       19%         2
 Momentum Strike          Conj/Tloc      10%        3d8       19%         2
 Mephitic Cloud           Conj/Pois/Air  7%         N/A       28%         3
 Lesser Beckoning         Tloc           10%        N/A       36%         3
 Manifold Assault         Tloc           5%         N/A       77%         4
 Fireball                 Conj/Fire      2%         3d4       98%         5
 Dispersal                Tloc           2%         N/A       100%        6
 Starburst                Conj/Fire      2%         6d3       100%        6
 Disjunction              Tloc           2%         N/A       100%        8

Inventory:

Missiles
 g - 7 poisoned darts
 j - 5 curare-tipped darts {=f}
 m - 69 stones
 r - 8 boomerangs
Armour
 a - a +0 robe (melded)
Magical Staves
 l - a staff of air {!a}
   (You found it on level 5 of the Dungeon)
Jewellery
 t - an amulet of reflection (around neck)
   (You took it off an orc wizard on level 9 of the Dungeon)
 C - a ring of ice
   (You found it on level 2 of the Dungeon)
 I - a +6 ring of intelligence
   (You found it on level 10 of the Dungeon)
 N - a ring of positive energy (left front paw)
   (You found it on level 7 of the Dungeon)
 Z - a ring of wizardry
   (You found it on level 10 of the Dungeon)
Wands
 h - a wand of flame (30)
   (You found it on level 7 of the Dungeon)
 i - a wand of digging (5)
   (You found it on level 8 of the Dungeon)
 p - a wand of polymorph (19)
   (You took it off Sigmund on level 5 of the Dungeon)
 q - a wand of charming (8)
   (You found it on level 6 of the Dungeon)
 s - a wand of mindburst (18)
   (You found it on level 7 of the Dungeon)
 v - a wand of acid (3)
   (You found it on level 9 of the Dungeon)
Scrolls
 e - 4 scrolls of fog
 u - 4 scrolls of teleportation {@r4}
 w - a scroll of enchant weapon {unknown}
 y - a scroll of enchant armour {unknown}
Potions
 b - a potion of lignification {!q}
 c - 2 potions of degeneration {!q}
 d - 8 potions of curing {@q1}
 f - 2 potions of brilliance
 k - a potion of cancellation
 n - a potion of resistance {unknown}
 o - a potion of flight
 x - a potion of heal wounds {@q2}
 z - a potion of magic {unknown}
 A - a potion of berserk rage {unknown}

Dungeon Overview and Level Annotations

Branches:
Dungeon (10/15) Zot: 26175  Temple (1/1) D:6 Zot: 5939
   Lair: D:8-11         Orc: D:9-12

Altars:
Ashenzari
Cheibriados
Dithmenos
Fedhas
Gozag
Hepliaklqana
Kikubaaqudgha
Makhleb
Nemelex Xobeh
Okawaru
Qazlal
Ru
Sif Muna
Trog
Uskayaw
Vehumet
Wu Jian
Xom
Yredelemnul

Shops:
D:9 (

Annotations:
D:9 Harold

##.Z##..###.#####
##.Z...# ###
####.## #.# #.#
#.# .8♣♣♣♣♣♣♣##.#
♣!....Q..'.°#
#########
♣?.....B.YBZ#
####........
.8♣♣♣♣♣♣♣##.#
#....#######
##.###........# #
#?.........##.# #
#....#####.##.# #
###....# #.##.###
#......# #.......
####.#.# #..#.###
#<#.#####..#Z###


You could see 2 boulder beetles, a tengu warrior (corroded) and a friendly orc
wizard zombie.


Message History

Key pressed, stopping explore.
You see here a +0 quarterstaff.
Key pressed, stopping explore.
Found a stone staircase leading up.
Found an escape hatch in the floor.
Key pressed, stopping explore.
y - a scroll labelled LATUKO YFAFOPT You open the door.
There is an open door here.
You open the door.
Found a stone staircase leading down.
There is an open door here.
You now have 628 gold pieces (gained 10).
You pick up a book of the Warp and begin reading...
You add the spells Manifold Assault, Dispersal and Disjunction to your library.
You swap places.
You swap places.
m - 69 stones (gained 4)
You now have 642 gold pieces (gained 14).
A - a bubbling white potion You swap places.
You swap places.
You swap places.
You swap places.
Key pressed, stopping explore.
You open the large door.
There is a large open door here.
Key pressed, stopping explore.
A boulder beetle and a tengu warrior come into view.
The tengu warrior shouts!
The boulder beetle curls into a ball and begins rolling!
There are monsters nearby!
There are monsters nearby!
Casting: Ice Form (dangerous; 5% risk of failure)
Confirm with . or Enter, or press ? or * to list all spells.
You turn into a creature of crystalline ice.
Your +0 robe melds into your body. 😎 HP[+13] MP[-4]
You now have 80 max hp (+13).
Your hp is fully restored (80).
You lost 4 mp, and now have 15/19 mp.
Aiming: Corrosive Bolt
Press: ? - help, Shift-Dir - straight line, f - tengu warrior
Aim: a tengu warrior, wielding a +0 bardiche and wearing a +0 leather armour (ally target, 46% to hit)
The bolt of acid hits the tengu warrior!
The acid corrodes the tengu warrior!
The tengu warrior hits your hornet zombie with a +0 bardiche!
The tengu warrior pecks your hornet zombie but does no damage.
The tengu warrior claws your hornet zombie.
The boulder beetle hits your centaur zombie!
The boulder beetle stops rolling and uncurls.
Your hornet zombie completely misses the tengu warrior.
A boulder beetle comes into view.
Aiming: Corrosive Bolt
Press: ? - help, Shift-Dir - straight line, p - tengu warrior The bolt of acid hits the boulder beetle.
The acid corrodes the boulder beetle!
Your centaur zombie hits the boulder beetle.
Your centaur zombie kicks the boulder beetle but does no damage.
The tengu warrior hits your hornet zombie with a +0 bardiche!
Your hornet zombie is destroyed!
The boulder beetle curls into a ball and begins rolling!
Aiming: Charm
Press: ? - help, Shift-Dir - straight line The boulder beetle easily resists.
The tengu warrior hits your centaur zombie with a +0 bardiche!
The tengu warrior pecks your centaur zombie!
Your centaur zombie is destroyed!
The boulder beetle curls into a ball and begins rolling!
Aiming: Charm
Press: ? - help, Shift-Dir - straight line, f - boulder beetle
Aim: a boulder beetle (lightly wounded, rolling, covered in acid, chance to affect: 31%)
The boulder beetle easily resists.
The boulder beetle hits you!!
The boulder beetle stops rolling and uncurls. 😮 HP[-29]
You take 29 damage, and now have 51/80 hp.
MASSIVE DAMAGE!! (PAUSE)
Aiming: Charm
Press: ? - help, Shift-Dir - straight line, f/p - boulder beetle
Aim: a boulder beetle (lightly wounded, covered in acid, chance to affect: 31%)
The boulder beetle easily resists.
The boulder beetle leaps! 😮 MP[+1]
As you read the scroll of teleportation {@r4}, it crumbles to dust.
You feel strangely unstable. The tengu warrior barely misses you.
The boulder beetle curls into a ball and begins rolling! 😮 HP[+1]
The boulder beetle attacks as you move away!
The boulder beetle hits you!!
* * * LOW HITPOINT WARNING * * *
The boulder beetle stops rolling and uncurls.
You block the tengu warrior's attack.
Unknown command. 😨 HP[-24]
You take 24 damage, and now have 28/80 hp.
MASSIVE DAMAGE!! (PAUSE)
The boulder beetle is no longer covered in acid.
The boulder beetle hits you!!!
Ouch! That really hurt!
You die...
Your body rises from the dead as a mindless zombie.

Skill      XL: |  1  2  3  4  5  6  7  8  9 10 |
---------------+-------------------------------+-----
Transmutations | 2 3 4 5 6 7 9 |  9.2
Unarmed Combat | 3 4 5 7 |  7.1
Poison Magic   | 1 |  1.7
Spellcasting   | 3 4 5 6 |  6.6
Ice Magic      | 1 3 4 6 |  6.0
Invocations    | 1 3 4 6 8 |  8.0
Dodging        | 2 |  2.3
Fighting       | |  1.8

Action                   |  1- 3 |  4- 6 |  7- 9 | 10-12 || total
-------------------------+-------+-------+-------+-------++-------
Melee: Unarmed           |   128 |   124 |   234 |   166 ||   652
       Kick              |    24 |    18 |     1 |       ||    43
       Headbutt          |    15 |     8 |     2 |       ||    25
       Punch             |     2 |       |     4 |       ||     6
 Cast: Beastly Appendage |    22 |    22 |     1 |       ||    45
       Spider Form       |       |     5 |    12 |       ||    17
       Ice Form          |       |     1 |    19 |    13 ||    33
       Wereblood         |       |       |     2 |     6 ||     8
Invok: Recall Undead Har |     2 |     1 |       |     4 ||     7
       Dark Bargain      |       |     1 |     2 |     4 ||     7
Evoke: Wand              |       |       |       |     5 ||     5
  Use: Scroll            |       |     6 |     8 |     1 ||    15
       Potion            |       |       |     8 |       ||     8
 Stab: Sleeping          |     1 |       |       |       ||     1
       Distracted        |       |     1 |     1 |     1 ||     3
Armor: Robe              |    21 |    16 |     2 |       ||    39
       Skin              |       |       |    45 |    61 ||   106
Dodge: Dodged            |    84 |    76 |   119 |    55 ||   334
Block: Other             |    15 |    23 |    45 |    29 ||   112

Levels and vault maps discovered:
D:1:      dpeg_arrival_round_b, layout_loops_cross,
          shapermc_ecumenical_altar_rom_forum
D:2:      layout_rooms, guppyfry_early_lair_pool
D:3:      layout_basic
D:4:      layout_cave_pools, skrybe_limestone_x
D:5:      layout_basic, grunt_ministairs_15, uniq_sigmund, uniq_eustachio,
          uniq_grinder
D:6:      layout_basic, lemuel_temple_firewalk_a
D:7:      layout_layer_cave, mainiacjoe_overflow_brackets
D:8:      layout_basic, trog_ov_bears_minmay, mainiacjoe_overflow_paths,
          chequers_temple_overflow_statue_of_worship,
          chequers_serial_rivers_micro_b, uniq_prince_ribbit1, uniq_joseph
D:9:      layout_roguey, fedhas_altar_1, serial_shops,
          nicolae_shop_hallway_stairs, uniq_harold
D:10:     kennysheep_big_flooded_room, layout_loops_corners, bloody_makhleb,
          nicolae_hepliaklqana_hippocampus
Temple:   chequers_temple_sunken

Notes
Turn   | Place    | Note
-------+----------+-------------------------------------------
     0 | D:1      | kae the Demonspawn Transmuter began the quest for the Orb.
     0 | D:1      | Reached XP level 1. HP: 15/15 MP: 3/3
     0 | D:1      | magus.rc [v1.11.3]
    86 | D:1      | Reached skill level 2 in Transmutations
   156 | D:1      | Found a faded altar of an unknown god.
   177 | D:1      | Gained mutation: A meltable shield of frost defends you.
                  | (SH +4) [demonic ancestry]
   177 | D:1      | Reached XP level 2. HP: 6/21 MP: 3/5
   290 | D:1      | Got Plato's Grimoire of Bones
   291 | D:1      | Prayed at the altar of an unknown god.
   291 | D:1      | Became a worshipper of Yredelemnul the Dark
   291 | D:1      | Reached * piety under Yredelemnul
   394 | D:1      | Reached ** piety under Yredelemnul
   476 | D:1      | Reached skill level 3 in Unarmed Combat
   568 | D:1      | Reached XP level 3. HP: 26/26 MP: 4/6
   571 | D:1      | Learned a level 2 spell: Wereblood
   575 | D:1      | Learned a level 3 spell: Spider Form
   674 | D:1      | Reached *** piety under Yredelemnul
   762 | D:1      | You pick up a book of Spatial Translocations and begin
                  | reading...
   762 | D:1      | You add the spells Blink, Momentum Strike and Lesser
                  | Beckoning to your library.
   838 | D:1      | You pick up a book of Fire and begin reading...
   838 | D:1      | You add the spells Foxfire, Fireball and Starburst to your
                  | library.
   988 | D:2      | Reached skill level 1 in Poison Magic
  1215 | D:2      | Reached XP level 4. HP: 29/32 MP: 5/7
  1288 | D:2      | Reached skill level 3 in Transmutations
  2631 | D:4      | Reached XP level 5. HP: 28/37 MP: 7/9
  2679 | D:4      | Reached skill level 3 in Spellcasting
  2767 | D:4      | Reached skill level 4 in Transmutations
  2767 | D:4      | Reached XP level 6. HP: 39/43 MP: 4/10
  2772 | D:4      | Learned a level 4 spell: Ice Form
  2857 | D:4      | You pick up a book of Frost and begin reading...
  2857 | D:4      | You add the spells Freeze, Frozen Ramparts and Hailstorm to
                  | your library.
  3074 | D:4      | Reached skill level 1 in Ice Magic
  3431 | D:5      | Entered Level 5 of the Dungeon
  3465 | D:5      | Noticed Sigmund
  3608 | D:5      | Reached skill level 4 in Unarmed Combat
  3608 | D:5      | Reached skill level 1 in Invocations
  3608 | D:5      | Gained mutation: You have a pair of small horns on your
                  | head. [demonic ancestry]
  3608 | D:5      | Reached XP level 7. HP: 40/48 MP: 8/12
  3716 | D:5      | Reached skill level 2 in Ice Magic
  3807 | D:5      | Reached skill level 5 in Transmutations
  3807 | D:5      | Reached skill level 2 in Invocations
  3960 | D:5      | Noticed Eustachio
  3998 | D:5      | Killed Eustachio
  3999 | D:5      | Reached skill level 3 in Ice Magic
  4127 | D:5      | Noticed Grinder
  4145 | D:5      | Killed Grinder
  4146 | D:5      | Reached skill level 4 in Spellcasting
  4146 | D:5      | Reached skill level 3 in Invocations
  4146 | D:5      | Gained mutation: When seriously injured, your blood forms
                  | armour. (AC +0) [demonic ancestry]
  4146 | D:5      | Reached XP level 8. HP: 45/54 MP: 10/14
  4303 | D:5      | Your ally Eustachio died
  4306 | D:5      | HP: 10/54 [ogre/+0 giant spiked club (33)]
  4493 | D:5      | Reached skill level 4 in Ice Magic
  4600 | D:5      | You pick up a book of Vapours and begin reading...
  4600 | D:5      | You add the spells Poisonous Vapours, Cigotuvi's Dreadful
                  | Rot and Mephitic Cloud to your library.
  4824 | D:5      | Reached skill level 6 in Transmutations
  4826 | D:5      | HP: 10/54 [poisoned by a water moccasin]
  4831 | D:5      | HP: 4/54 [poisoned by a water moccasin]
  4835 | D:5      | HP: 1/54 [poisoned by a water moccasin]
  5121 | D:5      | Killed Sigmund
  5122 | D:5      | Reached skill level 4 in Invocations
  5374 | D:6      | Reached skill level 5 in Unarmed Combat
  5565 | D:6      | Found a staircase to the Ecumenical Temple.
  5574 | Temple   | Entered the Ecumenical Temple
  5675 | D:6      | Gained mutation: When seriously injured, your blood forms
                  | thick armour. (AC +0) [demonic ancestry]
  5675 | D:6      | Reached XP level 9. HP: 59/59 MP: 11/16
  6306 | D:7      | Reached skill level 5 in Ice Magic
  6880 | D:7      | Found a broken altar of Ashenzari.
  7749 | D:8      | Reached skill level 5 in Spellcasting
  7788 | D:8      | Found a stormy altar of Qazlal.
  7802 | D:8      | Noticed Joseph
  7823 | D:8      | Gained mutation: Your skin changes colour to match your
                  | surroundings (Stealth+). [potion of mutation]
  7823 | D:8      | Gained mutation: You are covered in fur. (AC +1) [potion of
                  | mutation]
  7829 | D:8      | HP: 20/81 [Joseph/sling bullet (9)]
  7841 | D:8      | HP: 19/81 [Joseph/+0 quarterstaff (10)]
  7845 | D:8      | Killed Joseph
  7846 | D:8      | Reached skill level 7 in Transmutations
  7846 | D:8      | Reached skill level 5 in Invocations
  8079 | D:8      | Identified the +4 war axe "Goblinbane" {drain, rPois rC-
                  | MP+9 Str+5 SInv}
  8094 | D:8      | HP: 12/64 [kobold brigand/+0 short sword (5)]
  8096 | D:8      | Reached skill level 6 in Ice Magic
  8397 | D:8      | Found a sparkling altar of Nemelex Xobeh.
  8397 | D:8      | Found a shadowy altar of Dithmenos.
  8398 | D:8      | Found an ornate altar of the Wu Jian Council.
  8398 | D:8      | Found a basalt altar of Yredelemnul.
  8495 | D:8      | Found a bloodstained altar of Trog.
  8499 | D:8      | Reached skill level 6 in Invocations
  8499 | D:8      | Reached **** piety under Yredelemnul
  8652 | D:8      | Noticed Prince Ribbit
  8664 | D:8      | Killed Prince Ribbit
  8665 | D:8      | Gained mutation: A meltable icy envelope protects you from
                  | harm. (AC +4) [demonic ancestry]
  8665 | D:8      | Reached XP level 10. HP: 49/65 MP: 18/18
  8801 | D:8      | Reached skill level 6 in Unarmed Combat
  9465 | D:9      | Found Qeuhiesm's Weapon Shop.
  9587 | D:9      | Noticed Harold
  9704 | D:9      | Reached skill level 8 in Transmutations
  9838 | D:9      | Reached skill level 6 in Spellcasting
  9841 | D:9      | Reached skill level 7 in Invocations
 10440 | D:9      | Found a blossoming altar of Fedhas.
 10677 | D:10     | Entered Level 10 of the Dungeon
 10763 | D:10     | Found a hazy altar of Hepliaklqana.
 10878 | D:10     | Reached skill level 9 in Transmutations
 10970 | D:10     | Reached skill level 2 in Dodging
 10995 | D:10     | Reached skill level 7 in Unarmed Combat
 11061 | D:10     | Found a burning altar of Makhleb.
 11095 | D:10     | Reached skill level 8 in Invocations
 11392 | D:10     | You pick up a book of the Warp and begin reading...
 11392 | D:10     | You add the spells Manifold Assault, Dispersal and
                  | Disjunction to your library.
 11499 | D:10     | Noticed a boulder beetle
 11499 | D:10     | Noticed a tengu warrior
 11502 | D:10     | Noticed a boulder beetle
 11509 | D:10     | Demolished by a boulder beetle

Vanquished Creatures
  Joseph (D:8)
  A kobold demonologist (D:9)
  A troll (D:8)
  Grinder (D:5)
  Prince Ribbit (D:8)
  2 hornets
  A shadow (D:9)
  Sigmund (D:5)
  8 yaks
  Eustachio (D:5)
  2 water moccasins
  An acid dragon (D:7)
  2 orc warriors
  A sky beast (D:7)
  5 black bears
  An ogre (D:6)
  2 centaurs
  2 kobold brigands
  5 bullfrogs
  A necrophage (D:5)
  5 scorpions
  13 wights
  3 hounds
  3 jellies
  3 orc priests
  9 orc wizards
  3 gnolls (D:5)
  6 adders
  A worm (D:4)
  3 dart slugs
  26 orcs
  2 ball pythons (D:1)
  8 bats
  5 endoplasms
  5 giant cockroaches
  3 goblins
  13 hobgoblins
  7 jackals (D:2)
  10 kobolds
  2 quokkas
  4 frilled lizards
  3 rats
177 creatures vanquished.

Vanquished Creatures (collateral kills)
  3 yaks
  An acid dragon (D:8)
  2 ice beasts (D:5)
  An ogre (D:5)
  A centaur (D:10)
  A wight (D:9)
  An orc wizard (D:4)
  A dart slug (D:2)
  4 orcs
  4 ball pythons
  An endoplasm (D:1)
  2 goblins
  A hobgoblin (D:4)
  3 kobolds
  3 quokkas
29 creatures vanquished.

Vanquished Creatures (others)
  A hornet zombie (D:10)
  4 yak zombies
  A centaur zombie (D:10)
  A scorpion zombie (D:5)
  A hound zombie (D:5)
  A human zombie (D:5)
  4 bat zombies
  A gnoll zombie (D:5)
  A dart slug zombie (D:4)
  A hobgoblin zombie (D:4)
  2 jackal zombies (D:2)
  10 orc zombies
  A quokka zombie (D:2)
  3 fungi (D:1)
  5 plants
37 creatures vanquished.

Grand Total: 243 creatures vanquished

Table legend:
 A = Non-vault XP
 B = Vault XP
 C = Vault XP percentage of total XP
 D = Non-vault monster count
 E = Vault monster count
 F = Vault count percentage of total count
                 A         B        C        D         E       F
            +---------+---------+-------+---------+---------+-------
      Total |    9088 |    1816 |  16.7 |     193 |      13 |   6.3
            +---------+---------+-------+---------+---------+-------
        D:1 |      54 |       0 |   0.0 |      29 |       0 |   0.0
        D:2 |      67 |       0 |   0.0 |      23 |       0 |   0.0
        D:3 |      31 |       0 |   0.0 |      18 |       0 |   0.0
        D:4 |     411 |       0 |   0.0 |      16 |       0 |   0.0
        D:5 |    1131 |     814 |  41.9 |      17 |       9 |  34.6
        D:6 |     507 |       0 |   0.0 |      14 |       0 |   0.0
        D:7 |     453 |       0 |   0.0 |       7 |       0 |   0.0
        D:8 |    1526 |    1002 |  39.6 |      18 |       4 |  18.2
        D:9 |    2892 |       0 |   0.0 |      33 |       0 |   0.0
       D:10 |    2016 |       0 |   0.0 |      18 |       0 |   0.0
            +---------+---------+-------+---------+---------+-------

Illustrated notes

Table legend:
 A = Kills in this place as a percentage of kills in entire the game.
 B = Kills by you in this place as a percentage of kills by you in the entire game.
 C = Kills by friends in this place as a percentage of kills by friends in the entire game.
 D = Other kills in this place as a percentage of other kills in the entire game.
 E = Experience gained in this place as a percentage of experience gained in the entire game.
 F = Experience gained in this place divided by the number of levels of this place that you have seen.
                   A       B       C       D       E      F
               +-------+-------+-------+-------+-------+----------------------
         Total | 100.0 | 100.0 | 100.0 |   N/A | 100.0 | 991.3
       Dungeon | 100.0 | 100.0 | 100.0 |   N/A | 100.0 | 1090.4
               +-------+-------+-------+-------+-------+----------------------

Table legend: (Time is in decaauts)
 A = Elapsed time spent in this place.
 B = Non-inter-level travel time spent in this place.
 C = Inter-level travel time spent in this place.
 D = Time resting spent in this place.
 E = Time spent auto-exploring this place.
 F = Levels seen in this place.
 G = Mean time per level.
                   A        B        C        D        E       F      G
               +--------+--------+--------+--------+--------+-----+--------+
         Total |  11464 |  11200 |    264 |    452 |   8915 |  11 | 1042.2 |
       Dungeon |  11404 |  11165 |    239 |    452 |   8893 |  10 | 1140.4 |
        Temple |     60 |     35 |     25 |      0 |     21 |   1 |   60.0 |
               +--------+--------+--------+--------+--------+-----+--------+

Top non-repeatable levels by time:
     D:8: 1845 daAuts
     D:5: 1692 daAuts
     D:7: 1262 daAuts
     D:6: 1162 daAuts
     D:9: 1151 daAuts
     D:4: 917 daAuts
     D:3: 869 daAuts
     D:1: 865 daAuts
    D:10: 823 daAuts
     D:2: 814 daAuts
  Temple: 60 daAuts
